 Dungeon Crawl Stone Soup version 0.30.1-11-g7821555f0a (webtiles) character file.

Game seed: 18305063670785660205

48 safid the Conjurer (level 3, -2/11 (23) HPs)
             Began as a Gargoyle Reaver on Dec 12, 2023.
             Slain by Sigmund
             ... wielding a +0 scythe
              (4 damage)
             ... on level 2 of the Dungeon.
             The game lasted 00:02:24 (974 turns).

safid the Conjurer (Gargoyle Reaver)                 Turns: 974, Time: 00:02:25

HP:   -2/11 (23)    AC:  6    Str: 17    XL:     3   Next: 72%
MP:   7/7           EV: 11    Int: 13    God:
Gold: 81            SH:  0    Dex:  8    Spells: 6/7 levels left

rFire   . . .        a - +0 mace
rCold   . . .        (no shield)
rNeg    + . .        b - +0 leather armour
rPois   ∞            (no helmet)
rElec   +            (no cloak)
rCorr   .            (no gloves)
SInv    .            (no boots)
Will    .....        e - amulet of magic regeneration
Stlth   +            (no ring)
HPRegen 0.21/turn    (no ring)
MPRegen 0.50/turn

%: no passive effects
@: extremely drained
A: sickness immunity, AC +3, negative energy resistance 1, electricity
resistance, torment resistance 1, petrification resistance
a: no special abilities


You were on level 2 of the Dungeon.
You visited 1 branch of the dungeon, and saw 2 of its levels.

You collected 81 gold pieces.

Inventory:

Hand Weapons
 a - a +0 mace (weapon)
Armour
 b - a +0 leather armour (worn)
Jewellery
 e - an amulet of magic regeneration (around neck)
Scrolls
 d - 3 scrolls of teleportation {unknown}
 f - a scroll of enchant armour {unknown}
 g - a scroll of magic mapping {unknown}
 i - a scroll of identify {unknown}
Potions
 c - a potion of flight {unknown}
 h - a potion of mutation {unknown}
 j - 2 potions of curing {unknown}


   Skills:
 + Level 3.1 Fighting
 - Level 3.0 Maces & Flails
 - Level 1.5 Dodging
 + Level 2.6 Spellcasting
 + Level 3.9 Conjurations


You had 6 spell levels left.
You knew the following spells:

 Your Spells              Type           Power      Damage    Failure   Level
a - Kiss of Death         Conj/Necr      24%        2d7       13%         1

Your spell library contained the following spells:

 Spells                   Type           Power      Damage    Failure   Level
 Momentum Strike          Conj/Tloc      12%        3d8       21%         2
 Summon Small Mammal      Summ           4%         N/A       30%         1
 Hailstorm                Conj/Ice       6%         3d4       36%         3
 Call Canine Familiar     Summ           1%         N/A       65%         3
 Summon Guardian Golem    Hex/Summ       1%         N/A       65%         3


Dungeon Overview and Level Annotations

Branches:
Dungeon (2/15)

Altars:

Shops:
D:2 [

Annotations:
D:2 Sigmund


Innate Abilities, Weirdness & Mutations

You are immune to sickness and miasma.
Your stone body is resilient. (AC +3)
You are immune to poison.
You resist negative energy. (rN+)
You are resistant to electric shocks. (rElec)
You are resistant to unholy torment.
You are immune to petrification.


Message History

You feel drained. Sigmund gestures at you while chanting.
You resist with some effort.
You closely miss Sigmund.
Sigmund is moderately wounded.
Sigmund closely misses you.
You hit Sigmund but do no damage.
Sigmund is moderately wounded.
Sigmund casts a spell at you. You resist with some effort.
You closely miss Sigmund.
Sigmund is moderately wounded.
Sigmund barely misses you.
You closely miss Sigmund.
Sigmund is moderately wounded.
Sigmund hits you with a +0 scythe!
Ouch! That really hurt!
You closely miss Sigmund.
Sigmund is moderately wounded.
Sigmund hits you with a +0 scythe.
* * * LOW HITPOINT WARNING * * *
You hit Sigmund.
Sigmund is heavily wounded.
Sigmund barely misses you.
You completely miss Sigmund.
Sigmund is heavily wounded.
Sigmund hits you with a +0 scythe.
* * * LOW HITPOINT WARNING * * *
Casting: Kiss of Death (safe; 13% risk of failure)
Confirm with . or Enter, or press ? or * to list all spells.
Aiming: Kiss of Death (safe; 13% risk of failure)
Press: ? - help, Shift-Dir - straight line, f/p - Sigmund
Aim: Sigmund, wielding a +0 scythe and wearing a +0 robe (heavily wounded, heavily drained, 100% to hit)
The negative energy hits Sigmund.
Sigmund is drained!
Sigmund is almost dead.
You feel drained.
You completely miss Sigmund.
Sigmund is almost dead.
Sigmund hits you with a +0 scythe.
You die...

.# .# ##. .. #.. #.#
#.# #.# #.# #.# ##.#
##.# .# #.@# .#.#
#.# #@######## .#.#
#.# #........#
...#####.#
#..#####.#
#.....##.#
#..#[..#.#
##.##..#.#
#..#####.# #.###<#.#
##....∩...# #.#
#.†.## #...#####.#
#.#
##...#####.#.#[..#.#
#.#
##......#...#####.#.


You could see 2 animated armours and Sigmund (very drained).

Vanquished Creatures
  A gnoll (D:1)
  A worm (D:2)
  A dart slug (D:1)
  4 ball pythons (D:1)
  3 bats (D:1)
  5 endoplasms (D:1)
  2 giant cockroaches
  2 goblins
  3 quokkas (D:1)
  2 frilled lizards (D:1)
  5 kobolds
  A rat (D:1)
30 creatures vanquished.

Notes
Turn   | Place    | Note
-------+----------+-------------------------------------------
     0 | D:1      | safid the Gargoyle Reaver began the quest for the Orb.
     0 | D:1      | Reached XP level 1. HP: 12/12 MP: 3/3
   123 | D:1      | Reached XP level 2. HP: 10/18 MP: 5/5
   297 | D:1      | Reached XP level 3. HP: 8/21 MP: 6/6
   918 | D:2      | Noticed an animated crystal plate armour
   921 | D:2      | Found Moismam's Armour Shoppe.
   928 | D:2      | Noticed an animated plate armour
   954 | D:2      | Noticed Sigmund
   974 | D:2      | Slain by Sigmund

Illustrated notes

Levels and vault maps discovered:
D:1:      minmay_arrival_wavy_path, layout_basic, minmay_tetromino_t4
D:2:      layout_rooms, serial_shops, nicolae_shop_mannequins, uniq_sigmund,
          uniq_natasha

Skill      XL: |  1  2  3 |
---------------+----------+-----
Fighting       | 3 |  3.1
Maces & Flails | |  3.0
Dodging        | |  1.5
Spellcasting   | |  2.6
Conjurations   | |  3.9

Action                     || total
---------------------------++-------
  Melee: Mace              ||   108
         Punch             ||     3
   Cast: Kiss of Death     ||     4
 Armour: Leather armour    ||    51
  Dodge: Dodged            ||    73
